 Dungeon Crawl Stone Soup version 0.23.1 (webtiles) character file.

Game seed: 0

559203 nuthulu the Conqueror (level 26, -9/265 (266) HPs)
             Began as a Hill Orc Fighter on Mar 12, 2019.
             Was the Champion of Okawaru.
             Mangled by an electric golem (15 damage)
             ... on level 2 of the Realm of Zot.
             The game lasted 02:29:31 (77152 turns).

nuthulu the Conqueror (Hill Orc Fighter)           Turns: 77152, Time: 02:29:32

HP:   -9/265 (266)  AC: 36    Str: 28    XL:     26   Next: 58%
MP:   26/33         EV: 18    Int: 14    God:    Okawaru [******]
Gold: 1163          SH: 21    Dex: 13    Spells: 25/25 levels left

rFire    + + .     SeeInvis .   q - +18 lance "Wyrmbane" {slay drac, rPois rF+ rC+ AC+3}
rCold    + + .     Gourm    .   Z - +2 shield {reflect}
rNeg     + + .     Faith    .   s - +4 gold dragon scales
rPois    +         Spirit   .   l - +0 helmet "Omuolomn" {MR+ Int+4}
rElec    .         Reflect  +   d - +1 cloak of Lifelessness {*Corrode rN+ MR++ Int+2}
rCorr    .         Harm     .   n - +2 pair of gloves
MR       ++++.                  b - +2 pair of boots {run}
Stlth    ..........             T - +3 amulet of reflection
HPRegen  0.54/turn              A - ring of positive energy
MPRegen  0.23/turn              E - +5 ring of slaying

@: heroism, finesse, corroded, quick
A: no striking features
}: 3/15 runes: decaying, serpentine, silver
a: Heroism, Finesse, Renounce Religion


You were on level 2 of the Realm of Zot.
You worshipped Okawaru.
Okawaru was exalted by your worship.
You were hungry.

You visited 9 branches of the dungeon, and saw 44 of its levels.
You visited 1 ziggurat, and saw 7 of its levels.
You also visited: Bailey and Volcano.

You collected 5702 gold pieces.
You spent 4539 gold pieces at shops.

Inventory:

Hand Weapons
 q - the +18 lance "Wyrmbane" (weapon) {slay drac, rPois rF+ rC+ AC+3}
   (You found it on level 4 of the Dungeon)

   It affects your AC (+3).
   It protects you from fire.
   It protects you from cold.
   It protects you from poison.
Armour
 b - a +2 pair of boots of running (worn)
 d - the +1 cloak of Lifelessness (worn) {*Corrode rN+ MR++ Int+2}
   (You found it on level 4 of the Depths)

   It affects your intelligence (+2).
   It protects you from negative energy.
   It affects your resistance to hostile enchantments.
   It may corrode you when you take damage.
 l - the +0 helmet "Omuolomn" (worn) {MR+ Int+4}
   (Okawaru gifted it to you on level 5 of the Vaults)

   It affects your intelligence (+4).
   It affects your resistance to hostile enchantments.
 n - a +2 pair of gloves (worn)
 s - +4 gold dragon scales (worn)
 S - the +1 helmet of Indecent Exposure {+Inv rElec Dex-5 SInv}
   (You found it in a volcano)

   It affects your dexterity (-5).
   It insulates you from electricity.
   It lets you see invisible.
   It lets you turn invisible.
 Z - a +2 shield of reflection (worn)
Jewellery
 i - an uncursed ring of protection from magic
 v - an uncursed ring of protection from cold
 A - a ring of positive energy (left hand)
 E - a +5 ring of slaying (right hand)
 H - an uncursed ring of protection from cold
 R - an uncursed ring of see invisible
 T - a +3 amulet of reflection (around neck)
 W - an uncursed ring of magical power
Wands
 a - a wand of disintegration (39)
 g - a wand of clouds (8)
 k - a wand of random effects (48)
 u - a wand of iceblast (23)
 x - a wand of digging (8)
 y - a wand of flame (85)
 G - a wand of paralysis (35)
 M - a wand of acid (31)
 U - a wand of enslavement (25)
 Y - a wand of scattershot (4)
Scrolls
 h - 24 scrolls of remove curse
 j - 10 scrolls of amnesia
 m - a scroll of silence
 o - a scroll of summoning
 p - 16 scrolls of teleportation
 w - 8 scrolls of fog
 z - 9 scrolls of enchant weapon
 D - a scroll of magic mapping
 F - 5 scrolls of blinking
 I - 2 scrolls of fear
 N - 2 scrolls of holy word
 X - 6 scrolls of identify
Potions
 c - 2 potions of berserk rage
 e - 7 potions of curing
 r - 9 potions of lignification
 t - 9 potions of flight
 B - 2 potions of invisibility
 C - 5 potions of mutation
 J - 6 potions of might
 K - 4 potions of ambrosia
 L - 7 potions of brilliance
 O - 8 potions of haste
 P - 2 potions of agility
 Q - 3 potions of resistance
 V - a potion of magic
Comestibles
 f - 23 rations


   Skills:
 O Level 27 Fighting
   Level 7.7(23.9) Axes
 * Level 22.4(27) Polearms
 - Level 17.0(22.0) Armour
 - Level 18.5(23.5) Dodging
 - Level 15.0(20.0) Shields
 - Level 14.2 Invocations


You had 25 spell levels left.
You didn't know any spells.
Your spell library contained the following spells:

 Spells                   Type           Power        Failure   Level  Hunger
 Animate Skeleton         Necr           N/A          95%         1    ##.....
 Beastly Appendage        Tmut           #.....       95%         1    ##.....
 Corona                   Hex            #......      95%         1    ##.....
 Flame Tongue             Conj/Fire      #....        95%         1    ##.....
 Infusion                 Chrm           #...         95%         1    ##.....
 Magic Dart               Conj           #...         95%         1    ##.....
 Pain                     Necr           #...         95%         1    ##.....
 Sting                    Conj/Pois      #...         95%         1    ##.....
 Summon Butterflies       Summ           #.......     95%         1    ##.....
 Summon Small Mammal      Summ           #...         95%         1    ##.....
 Blink                    Tloc           N/A          99%         2    ###....
 Call Imp                 Summ           #.......     99%         2    ###....
 Corpse Rot               Necr           N/A          99%         2    ###....
 Ensorcelled Hibernation  Hex/Ice        #.....       99%         2    ###....
 Poisonous Vapours        Pois/Air       #.....       99%         2    ###....
 Shroud of Golubria       Chrm/Tloc      #.........   99%         2    ###....
 Slow                     Hex            #.......     99%         2    ###....
 Song of Slaying          Chrm           #.......     99%         2    ###....
 Sticks to Snakes         Tmut           #.......     99%         2    ###....
 Throw Flame              Conj/Fire      #.....       99%         2    ###....
 Call Canine Familiar     Summ           #.......     100%        3    ####...
 Conjure Flame            Conj/Fire      #.......     100%        3    ####...
 Inner Flame              Hex/Fire       #.......     100%        3    ####...
 Mephitic Cloud           Conj/Pois/Air  #.......     100%        3    ####...
 Portal Projectile        Hex/Tloc       #.....       100%        3    ####...
 Regeneration             Chrm/Necr      #.........   100%        3    ####...
 Spectral Weapon          Hex/Chrm       #.......     100%        3    ####...
 Spider Form              Tmut/Pois      #.........   100%        3    ####...
 Static Discharge         Conj/Air       #.......     100%        3    ####...
 Stone Arrow              Conj/Erth      #.....       100%        3    ####...
 Summon Guardian Golem    Hex/Summ       #.......     100%        3    ####...
 Vampiric Draining        Necr           #.........   100%        3    ####...
 Airstrike                Air            #.........   100%        4    #####..
 Animate Dead             Necr           N/A          100%        4    #####..
 Cause Fear               Hex            #.........   100%        4    #####..
 Ice Form                 Ice/Tmut       #.......     100%        4    #####..
 Leda's Liquefaction      Hex/Erth       #.........   100%        4    #####..
 Olgreb's Toxic Radiance  Pois           #.......     100%        4    #####..
 Sticky Flame             Conj/Fire      #.......     100%        4    #####..
 Summon Ice Beast         Ice/Summ       #.......     100%        4    #####..
 Summon Lightning Spire   Summ/Air       #.......     100%        4    #####..
 Agony                    Necr           #.......     100%        5    ######.
 Blade Hands              Tmut           #.........   100%        5    ######.
 Bolt of Magma            Conj/Fire/Erth #.........   100%        5    ######.
 Borgnjor's Vile Clutch   Necr/Erth      #.........   100%        5    ######.
 Excruciating Wounds      Chrm/Necr      #.........   100%        5    ######.
 Fireball                 Conj/Fire      #.........   100%        5    ######.
 Irradiate                Conj/Tmut      #.........   100%        5    ######.
 Iskenderun's Battlesphe  Conj/Chrm      #.......     100%        5    ######.
 Lightning Bolt           Conj/Air       #.........   100%        5    ######.
 Silence                  Hex/Air        #.........   100%        5    ######.
 Summon Forest            Summ/Tloc      #.........   100%        5    ######.
 Summon Mana Viper        Hex/Summ       #.......     100%        5    ######.
 Venom Bolt               Conj/Pois      #.........   100%        5    ######.
 Darkness                 Hex            #.........   100%        6    #######
 Freezing Cloud           Conj/Ice/Air   #.........   100%        6    #######
 Hydra Form               Tmut           #.........   100%        6    #######
 Iron Shot                Conj/Erth      #.........   100%        6    #######
 Shadow Creatures         Summ           N/A          100%        6    #######
 Simulacrum               Ice/Necr       #.........   100%        6    #######
 Statue Form              Tmut/Erth      #........    100%        6    #######
 Dragon Form              Tmut           #.........   100%        7    #######
 Orb of Destruction       Conj           #.........   100%        7    #######
 Ring of Flames           Chrm/Fire      #.........   100%        7    #######
 Spellforged Servitor     Conj/Summ      #.........   100%        7    #######
 Summon Hydra             Summ           #.........   100%        7    #######
 Ignition                 Fire           #.........   100%        8    #######
 Shatter                  Erth           #.........   100%        9    #######
 Tornado                  Air            #.........   100%        9    #######


Dungeon Overview and Level Annotations

Branches:
Dungeon (15/15)            Temple (1/1) D:6            Lair (6/6) D:10
  Swamp (4/4) Lair:3        Snake (4/4) Lair:3        Slime (0/5) Lair:6
    Orc (2/2) D:9             Elf (0/3) Orc:2        Vaults (5/5) D:14
  Crypt (0/3) Vaults:2     Depths (5/5) D:15            Zot (2/5) Depths:5

Altars:
Ashenzari
Cheibriados
Elyvilon
Gozag
Hepliaklqana
Nemelex Xobeh
Okawaru
Qazlal
Ru
Trog
Uskayaw
Vehumet
Xom
Zin
The Shining One
Beogh
Lugonu

Shops:
D:13 (=*[=   Orc:2 !?[:   Snake:1 [   Snake:3 ?   Vaults:4 *   Vaults:5 [=?=(
Depths:1 %   Depths:2 :%:   Depths:5 ![(

Portals:
Hell: Depths:1 Depths:2 Depths:3 Depths:4 Depths:5
Abyss: Depths:1 Depths:4 Depths:5
Pandemonium: Depths:3
Trove: D:15 (give +4 ice dragon scales)

Annotations:
D:12 1 runed translucent door
D:15 exclusion: orange crystal statue
Lair:1 exclusion: oklob plant
Lair:5 3 runed translucent doors, dscm's ghost, journeyman HOFi
Snake:4 1 runed translucent door, DildoBatman's ghost, adept OpWz
Vaults:1 exclusion: orange crystal statue


Message History

The green draconian breathes poison at you.
You block the electric golem's attack. The electric golem hits you.
* * * LOW HITPOINT WARNING * * *
The electric golem shocks you!!
* * * LOW HITPOINT WARNING * * *
Your corrosive artefact corrodes you!
The electric golem hits you but does no damage.
The electric golem closely misses you.
Unknown command.
You impale the electric golem!!
The electric golem is heavily damaged.
Unknown command.
You gain the combat prowess of a mighty hero.
You block the electric golem's attack. x2
The electric golem closely misses you. The electric golem hits you.
* * * LOW HITPOINT WARNING * * *
You block the electric golem's attack. The electric golem hits you.
* * * LOW HITPOINT WARNING * * *
The electric golem shocks you!
You die...

#. ####### ... §##≈≈#≈≈#
#.# ≈≈≈§§≈§≈## #.#
§§....≈≈≈## ..#
≈......≈≈≈## #.+
....§☼☼.≈§≈###.#
.d○○.°°@).§§)..##
....☼☼8○§§§###..######
≈......☼§≈##....#....#
≈≈....≈§§##.........##
§§≈≈≈≈§≈##...........#
§##≈≈#≈≈##...##...######
##########....#####.##.#
#...#....##....#...##...
#...#.....##...##.##....


You could see an electric golem and a green draconian.

Vanquished Creatures
  Mara (Depths:1)
  Mennas (Depths:4)
  A juggernaut (Depths:2)
  An ancient lich (Depths:4)
  Frederick (Depths:3)
  Bai Suzhen (Swamp:3)
  Saint Roka (Snake:2)
  2 caustic shrikes (Zig:6)
  5 golden dragons
  Nikola (Swamp:1)
  8 tentacled monstrosities
  Jorgrun (D:13)
  An iron giant (Zig:2)
  An electric golem (Zot:2)
  5 liches
  Asterion (Snake:3)
  A quicksilver dragon (Vaults:4)
  7 titans
  A tentacled starspawn (Zig:4)
  A death cob (Zot:1)
  Frances (D:13)
  5 sphinxes
  Gastronok (Lair:3)
  7 storm dragons
  The ghost of DungeonDestroyer the Severer, an adept MiFi of Gozag (Swamp:1)
  9 shadow dragons
  2 thorn hunters
  3 nagarajas (Snake:4)
  A draconian monk (Depths:5)
  6 tengu reavers
  9 fire giants
  9 frost giants
  3 deep elf sorcerers
  2 iron dragons (Vaults:5)
  The ghost of Ychix the Thaumaturge, a journeyman GnSk of Makhleb (Swamp:2)
  Louise (Swamp:2)
  Aizul (Snake:3)
  2 orc warlords
  17 vault wardens
  A deep elf elementalist (Vaults:5)
  2 draconian stormcallers
  A spriggan defender (Depths:2)
  18 ironheart preservers
  17 stone giants
  25 very ugly things
  An entropy weaver (shapeshifter) (Vaults:5)
  2 deep elf demonologists
  5 green draconians
  3 black draconians
  4 purple draconians
  2 deep elf annihilators (Vaults:5)
  Azrael (D:15)
  6 spark wasps
  2 red draconians (Depths:5)
  A blizzard demon (Depths:3)
  Snorg (Lair:5)
  14 ettins
  12 fire dragons
  A crystal guardian (Vaults:5)
  4 deep elf high priests
  4 jiangshi
  Harold (Lair:1)
  13 yaktaur captains
  5 rakshasas
  Josephine (D:9)
  9 great orbs of eyes
  42 vault guards
  18 naga warriors
  Erica (Lair:1)
  25 hydras
  4 spriggan air magi
  10 ice dragons
  2 catoblepae
  13 alligators
  11 anacondas
  A shambling mangrove (Zig:7)
  2 death knights
  8 deep troll shamans
  3 tengu warriors
  85 two-headed ogres
  7 centaur warriors
  26 ogre magi
  A queen ant (Lair:4)
  13 naga sharpshooters
  3 vampire magi
  13 death yaks
  6 shock serpents
  9 deep troll earth magi
  4 spriggan berserkers
  A wretched star (Zig:4)
  Nergalle (D:12)
  8 iron trolls
  10 deep elf knights
  A salamander mystic (Snake:4)
  2 skeletal warriors (Volcano)
  A fire crab (shapeshifter) (Depths:1)
  14 hell knights
  3 unseen horrors
  6 flayed ghosts
  A torturous demonspawn (Depths:3)
  A death drake (Zig:7)
  3 shadow wraiths
  23 deep trolls
  13 naga ritualists
  3 glowing orange brains
  13 swamp dragons
  3 spriggan druids
  A golden dragon skeleton (Depths:4)
  5 phantasmal warriors
  A wizard (Vaults:2)
  17 orc knights
  4 lindwurms
  6 deep elf archers
  6 harpies
  A lindwurm (shapeshifter) (Vaults:3)
  8 necromancers
  A wolf spider (shapeshifter) (Depths:3)
  13 ironbrand convokers
  57 ugly things
  5 orc sorcerers
  3 manticores
  10 salamanders
  17 deep elf magi
  18 mana vipers
  5 moths of wrath
  11 cyclopes
  A manticore (shapeshifter) (Vaults:5)
  2 large abominations (Zig:4)
  6 wolf spiders
  A moth of wrath (shapeshifter) (Depths:1)
  14 elephants
  A rust devil (Depths:3)
  A centaur zombie (D:13)
  A human skeleton (Vaults:3)
  16 naga magi
  A black mamba (shapeshifter) (D:14)
  2 water nymphs (shapeshifter)
  Maurice (D:9)
  3 centaur skeletons
  4 guardian serpents
  6 gargoyles
  11 vault sentinels
  36 black mambas
  5 spectral swamp worms (Depths:2)
  A spiny frog (shapeshifter) (Depths:3)
  An orange demon (Depths:3)
  12 spiny frogs
  A komodo dragon (shapeshifter) (Vaults:4)
  A kobold demonologist (D:13)
  37 yaktaurs
  4 rime drakes
  6 freezing wraiths
  5 komodo dragons
  2 queen bees
  A guardian mummy (Zig:1)
  5 trolls
  A wind drake (shapeshifter) (Vaults:3)
  6 polar bears
  3 red devils
  A yaktaur skeleton (Vaults:3)
  2 harpy skeletons (Volcano)
  8 tyrant leeches
  A tengu simulacrum (Depths:4)
  A hornet (shapeshifter) (D:14)
  26 hornets
  A blink frog (shapeshifter) (Depths:1)
  An iron dragon simulacrum (Depths:4)
  5 dream sheep
  A raiju (Zig:4)
  4 bog bodies
  A raiju (shapeshifter) (Vaults:4)
  51 slime creatures
  8 blink frogs
  8 hippogriffs
  A dream sheep (shapeshifter) (Vaults:5)
  3 flying skulls (Volcano)
  10 wraiths
  3 alligator skeletons (Volcano)
  27 spriggans
  4 shadows
  Sigmund (D:6)
  A water elemental (D:14)
  3 wyverns
  A basilisk (shapeshifter) (Vaults:5)
  61 yaks
  4 fire elementals (D:15)
  A neqoxec (Depths:3)
  A human (shapeshifter) (Vaults:3)
  A hungry ghost (D:12)
  4 basilisks
  2 hogs (Snake:2)
  8 vampire mosquitoes
  28 insubstantial wisps
  14 swamp worms
  10 wargs
  Edmund (D:5)
  43 nagas
  An acid dragon (Vaults:1)
  8 soldier ants
  12 water moccasins
  Duvessa (D:4)
  3 floating eyes
  A hell hound (D:15)
  6 porcupines
  10 swamp drakes
  51 orc warriors
  3 ice beasts
  A sky beast (shapeshifter) (Vaults:2)
  3 black bears
  3 sky beasts
  An eye of draining (shapeshifter) (Vaults:1)
  An ogre (shapeshifter) (Vaults:3)
  56 ogres
  5 phantoms
  8 boggarts
  26 wolves
  21 centaurs
  A big kobold (D:8)
  13 bullfrogs
  11 crocodiles
  A human zombie (Vaults:3)
  An ogre simulacrum (Vaults:1)
  3 gnoll sergeants
  A glowing shapeshifter simulacrum (Depths:4)
  A wyvern zombie (D:13)
  4 scorpions
  Dowan (D:4)
  7 wights
  46 killer bees
  A howler monkey (D:6)
  A troll skeleton (Volcano)
  3 spriggan skeletons (Volcano)
  7 electric eels (D:11)
  8 crimson imps
  2 quasits (Depths:3)
  A bullfrog zombie (D:12)
  2 jellies (D:11)
  8 hounds
  12 orc wizards
  A jelly (shapeshifter) (Vaults:1)
  A gnoll shaman (D:8)
  Crazy Yiuf (D:3)
  2 bullfrog skeletons
  An iron imp (Depths:3)
  10 orc priests
  Ijyb (D:5)
  6 iguanas
  32 worker ants
  A killer bee zombie (D:7)
  2 naga skeletons (Volcano)
  4 hound zombies
  4 mummies (Zig:1)
  A worker ant zombie (D:7)
  A howler monkey skeleton (D:6)
  5 adders
  23 gnolls
  A shadow imp (D:13)
  4 white imps (Depths:3)
  An ufetubus (Depths:3)
  An ooze (D:4)
  An adder skeleton (D:4)
  5 worms
  A dart slug (D:5)
  A leopard gecko (D:6)
  98 orcs
  3 ball pythons
  11 giant cockroaches
  9 goblins
  7 hobgoblins
  11 jackals
  5 quokkas
  9 bats
  A frilled lizard (D:2)
  16 kobolds
  A quokka zombie (D:8)
  5 rats
  2 briar patches
2076 creatures vanquished.

Vanquished Creatures (others)
  Vashnia (Snake:2)
  A golden dragon (Depths:5)
  Kirke (Snake:2)
  A stone giant (Depths:1)
  A yellow draconian (Zot:2)
  3 centaur warriors
  3 naga sharpshooters
  A deep elf knight (Vaults:2)
  A naga mage (Snake:4)
  9 yaktaurs
  A hornet (shapeshifter) (Depths:1)
  A spriggan (Swamp:4)
  3 humans (Snake:2)
  A warg (shapeshifter) (Depths:1)
  3 centaurs
  An earth elemental (Zig:2)
  An iguana (Lair:3)
  An orc (Vaults:5)
  2 briar patches
  6 bushes (Lair:6)
  25 fungi
  24 plants
  2 starspawn tentacles (Zig:4)
93 creatures vanquished.

Grand Total: 2169 creatures vanquished

Notes
Turn   | Place    | Note
-------+----------+-------------------------------------------
     0 | D:1      | nuthulu the Hill Orc Fighter began the quest for the Orb.
     0 | D:1      | Reached XP level 1. HP: 19/19 MP: 1/1
   205 | D:1      | Reached XP level 2. HP: 26/26 MP: 2/2
  1005 | D:2      | Reached XP level 3. HP: 31/31 MP: 3/3
  2032 | D:3      | Noticed a bullfrog
  2040 | D:3      | Killed a bullfrog
  2040 | D:3      | Reached skill level 5 in Axes
  2040 | D:3      | Reached XP level 4. HP: 39/39 MP: 4/4
  2040 | D:3      | Reached XP level 5. HP: 45/45 MP: 5/5
  2102 | D:3      | Found a runed translucent door.
  2103 | D:3      | Noticed Crazy Yiuf
  2649 | D:3      | Killed Crazy Yiuf
  3012 | D:4      | Reached XP level 6. HP: 48/51 MP: 6/6
  3048 | D:4      | Noticed Duvessa
  3058 | D:4      | Noticed Dowan
  3069 | D:4      | Killed Dowan
  3069 | D:4      | Reached skill level 5 in Shields
  3081 | D:4      | Killed Duvessa
  3439 | D:4      | Found the +8 lance "Wyrmbane" {slay drac, rPois rF+ rC+
                  | AC+3}
  3481 | D:4      | Reached skill level 1 in Polearms
  3481 | D:4      | Reached XP level 7. HP: 57/57 MP: 7/7
  4104 | D:5      | Entered Level 5 of the Dungeon
  4115 | D:5      | Noticed Edmund
  4125 | D:5      | Killed Edmund
  4160 | D:5      | Reached skill level 5 in Polearms
  4170 | D:5      | Reached XP level 8. HP: 64/64 MP: 8/8
  4502 | D:5      | Noticed Ijyb
  4510 | D:5      | Killed Ijyb
  4791 | D:6      | Noticed Sigmund
  5023 | D:6      | Found a hazy altar of Hepliaklqana.
  5030 | D:6      | Found a shattered altar of Ashenzari.
  5033 | D:6      | Found a radiant altar of Vehumet.
  5038 | D:6      | Found a sparkling altar of Nemelex Xobeh.
  5157 | D:6      | Found a staircase to the Ecumenical Temple.
  5168 | D:6      | Killed Sigmund
  5198 | D:6      | Reached XP level 9. HP: 70/70 MP: 9/9
  5473 | D:6      | Reached skill level 10 in Polearms
  6129 | D:7      | Found a white marble altar of Elyvilon.
  6217 | D:7      | Found a hide-covered altar of Uskayaw.
  6300 | D:7      | Found a flagged portal.
  6322 | Bailey   | Entered a bailey
  6322 | Bailey   | Noticed an orc knight
  6342 | Bailey   | Killed an orc knight
  6353 | Bailey   | Reached XP level 10. HP: 63/77 MP: 10/10
  6419 | Bailey   | Noticed an orc knight
  6447 | Bailey   | Killed an orc knight
  7064 | Temple   | Entered the Ecumenical Temple
  7088 | Temple   | Became a worshipper of Warmaster Okawaru
  7446 | D:7      | Reached skill level 4 in Fighting
  7676 | D:8      | Found a shimmering altar of Xom.
  7723 | D:8      | Reached * piety under Okawaru
  7792 | D:8      | Reached skill level 5 in Fighting
  8081 | D:9      | Reached skill level 10 in Shields
  8257 | D:9      | Found a staircase to the Orcish Mines.
  8365 | D:9      | Reached XP level 11. HP: 89/89 MP: 11/11
  8528 | D:9      | Noticed Maurice
  8562 | D:9      | Killed Maurice
  8562 | D:9      | Reached skill level 6 in Fighting
  8861 | D:9      | Reached ** piety under Okawaru
  8861 | D:9      | Reached skill level 7 in Fighting
  8895 | D:10     | Entered Level 10 of the Dungeon
  9437 | D:10     | Found a staircase to the Lair.
  9779 | Lair:1   | Entered Level 1 of the Lair of Beasts
  9802 | Lair:1   | Reached skill level 8 in Fighting
  9972 | Lair:1   | Noticed an oklob plant
 10148 | Lair:1   | Noticed Harold
 10152 | Lair:1   | Noticed Erica
 10181 | Lair:1   | Killed Harold
 10181 | Lair:1   | Reached *** piety under Okawaru
 10197 | Lair:1   | Killed Erica
 10197 | Lair:1   | Reached skill level 9 in Fighting
 10818 | Lair:2   | Reached **** piety under Okawaru
 10839 | Lair:2   | Received a gift from Okawaru
 10967 | Lair:2   | Noticed a four-headed hydra
 10979 | Lair:2   | Killed a four-headed hydra
 11047 | Lair:2   | Identified the Disquisition on Weightlessness and
                  | Augmentations
 11063 | Lair:2   | Reached skill level 10 in Fighting
 11063 | Lair:2   | Reached XP level 12. HP: 91/106 MP: 12/12
 11408 | Lair:2   | Noticed a five-headed hydra
 11422 | Lair:2   | Killed a five-headed hydra
 11974 | Lair:3   | Identified the Collected Works on the Ghastly Escort
 11984 | Lair:3   | Reached ***** piety under Okawaru
 11984 | Lair:3   | Reached skill level 1 in Invocations
 12132 | Lair:3   | Found a staircase to the Swamp.
 12288 | Lair:3   | Noticed Gastronok
 12306 | Lair:3   | Killed Gastronok
 12306 | Lair:3   | Reached skill level 11 in Fighting
 12339 | Lair:3   | Noticed a queen ant
 12588 | Lair:4   | Killed a queen ant
 12677 | Lair:3   | Received a gift from Okawaru
 12929 | Lair:3   | Reached skill level 5 in Invocations
 13036 | Lair:3   | Noticed a catoblepas
 13069 | Lair:3   | Killed a catoblepas
 13233 | Lair:3   | Found a staircase to the Snake Pit.
 13760 | Lair:4   | Reached XP level 13. HP: 117/117 MP: 17/17
 14089 | Lair:4   | Identified the cursed +0 pair of boots of Beogh's Whim
                  | {rCorr} (You found it on level 4 of the Lair of Beasts)
 14129 | Lair:4   | Reached skill level 12 in Fighting
 14962 | Lair:5   | Found a dark tunnel.
 14968 | Volcano  | Entered a volcano
 15143 | Volcano  | Reached skill level 15 in Shields
 15308 | Volcano  | Identified the +1 helmet of Indecent Exposure {+Inv rElec
                  | Dex-5 SInv} (You found it in a volcano)
 15600 | Lair:5   | Reached ****** piety under Okawaru
 15736 | Lair:5   | Received a gift from Okawaru
 15743 | Lair:5   | Identified the +0 hat of Xeytypn {Stlth+} (Okawaru gifted
                  | it to you on level 5 of the Lair of Beasts)
 15776 | Lair:5   | Found a runed translucent gate.
 15778 | Lair:5   | Found a runed translucent gate.
 15780 | Lair:5   | Noticed dscm's ghost (journeyman HOFi)
 15782 | Lair:5   | Found a runed translucent gate.
 15979 | Lair:5   | Reached skill level 5 in Armour
 16006 | Lair:5   | Reached skill level 13 in Fighting
 16155 | Lair:5   | Reached XP level 14. HP: 69/129 MP: 15/21
 16893 | Lair:6   | Entered Level 6 of the Lair of Beasts
 16935 | Lair:5   | Reached skill level 10 in Invocations
 17679 | Lair:6   | Noticed Snorg
 17714 | Lair:5   | Received a gift from Okawaru
 17804 | Lair:5   | Killed Snorg
 17845 | Lair:5   | Reached skill level 14 in Fighting
 18627 | Lair:6   | Found a staircase to the Slime Pits.
 19000 | Lair:6   | Received a gift from Okawaru
 19921 | Lair:6   | Reached skill level 15 in Fighting
 19921 | Lair:6   | Reached XP level 15. HP: 118/141 MP: 24/24
 20676 | Orc:1    | Entered Level 1 of the Orcish Mines
 20676 | Orc:1    | Noticed Josephine
 20689 | D:9      | Killed Josephine
 20844 | Orc:2    | Entered Level 2 of the Orcish Mines
 20849 | Orc:2    | Noticed an orc warlord
 20858 | Orc:1    | Received a gift from Okawaru
 20978 | Orc:1    | Killed an orc warlord
 20978 | Orc:1    | Reached skill level 10 in Armour
 21183 | Orc:2    | Paralysed by an orc sorcerer for 4 turns
 21331 | Orc:2    | Found Jineizuk's Armour Shop.
 21332 | Orc:2    | Found Mamunt's Book Shoppe.
 21906 | Orc:2    | Found a roughly hewn altar of Beogh.
 21932 | Orc:2    | Found Jiomukle's Distillery.
 21932 | Orc:2    | Found Tivuleok's Magic Scroll Shoppe.
 22053 | Orc:2    | Bought a potion of heal wounds for 60 gold pieces
 22053 | Orc:2    | Bought a potion of heal wounds for 60 gold pieces
 22186 | Orc:2    | Bought a scroll of enchant armour for 112 gold pieces
 22214 | Orc:2    | Bought a potion of might for 48 gold pieces
 22214 | Orc:2    | Bought a potion of might for 48 gold pieces
 22232 | Orc:2    | Found a roughly hewn altar of Beogh.
 22347 | Orc:2    | Found a staircase to the Elven Halls.
 23660 | D:11     | Received a gift from Okawaru
 24268 | D:12     | Noticed Nergalle
 24299 | D:12     | Killed Nergalle
 24658 | D:12     | Found a glowing silver altar of Zin.
 24658 | D:12     | Noticed an angel
 24659 | D:12     | Found a runed translucent door.
 24897 | D:13     | Reached skill level 16 in Fighting
 25190 | D:13     | Found Guj Bacu's Jewellery Shop.
 25191 | D:13     | Noticed Jorgrun
 25238 | D:13     | Killed Jorgrun
 25238 | D:13     | Received a gift from Okawaru
 25239 | D:13     | Found Gautuq's Antique Weapon Emporium.
 25300 | D:13     | Bought a +3 amulet of reflection for 282 gold pieces
 26015 | D:13     | Noticed Frances
 26037 | D:13     | Killed Frances
 26121 | D:13     | Found Uphinit's Antique Armour Shop.
 26552 | D:13     | Found Samimam's Jewellery Shop.
 26692 | D:13     | Found Taisanlajeo's General Store.
 26697 | D:13     | Bought a potion of heal wounds for 80 gold pieces
 27015 | D:14     | Reached XP level 16. HP: 152/152 MP: 26/26
 27185 | D:14     | Got a translucent jade amulet
 27295 | D:14     | Identified a scroll of acquirement
 27296 | D:14     | Identified the amulet "Hioss" {Harm *Drain rElec Int-2
                  | Dex+8} (You found it on level 14 of the Dungeon)
 27307 | D:14     | Got a transparent cloak
 27308 | D:14     | Identified the -5 cloak of Fok Ipp {+Inv rElec rC- Slay+3
                  | Stlth+} (You acquired it on level 14 of the Dungeon)
 27341 | D:14     | Received a gift from Okawaru
 27618 | D:14     | Found a gate to the Vaults.
 27673 | D:14     | Reached skill level 17 in Fighting
 28159 | D:15     | Entered Level 15 of the Dungeon
 28167 | D:15     | Found a portal to a secret trove of treasure.
 28706 | D:15     | Received a gift from Okawaru
 28709 | D:15     | Identified the +0 pair of boots "Qytaa" {rPois Regen+ Int+6
                  | Stlth-} (Okawaru gifted it to you on level 15 of the
                  | Dungeon)
 28722 | D:15     | Found a staircase to the Depths.
 29454 | D:15     | Noticed Azrael
 29481 | D:15     | Killed Azrael
 30102 | Swamp:1  | Entered Level 1 of the Swamp
 30142 | Swamp:1  | You fall through a shaft!
 30180 | Swamp:2  | Reached skill level 18 in Fighting
 30975 | Swamp:1  | Found a large runed translucent door.
 30976 | Swamp:1  | Found a large runed translucent door.
 31674 | Swamp:1  | Noticed DungeonDestroyer's ghost (adept MiFi)
 31720 | Swamp:1  | Killed DungeonDestroyer's ghost
 31720 | Swamp:1  | Received a gift from Okawaru
 31720 | Swamp:1  | Reached XP level 17. HP: 127/166 MP: 27/27
 31890 | Swamp:2  | Noticed Nikola
 32158 | Swamp:1  | Killed Nikola
 32381 | Swamp:2  | Noticed Louise
 32834 | Swamp:2  | Killed Louise
 32920 | Swamp:2  | Found a shimmering altar of Xom.
 32950 | Swamp:2  | Reached skill level 19 in Fighting
 33250 | Swamp:2  | Reached skill level 15 in Armour
 33713 | Swamp:2  | Found a large runed translucent door.
 33713 | Swamp:2  | Found a large runed translucent door.
 33714 | Swamp:2  | Noticed Ychix's ghost (journeyman GnSk)
 33764 | Swamp:2  | Killed Ychix's ghost
 34537 | Swamp:3  | Noticed Bai Suzhen
 34560 | Swamp:3  | Killed Bai Suzhen
 35363 | Swamp:4  | Entered Level 4 of the Swamp
 35662 | Swamp:4  | Noticed a tentacled monstrosity
 35693 | Swamp:4  | Killed a tentacled monstrosity
 35693 | Swamp:4  | Received a gift from Okawaru
 36022 | Swamp:4  | Reached skill level 20 in Fighting
 36416 | Swamp:4  | Reached XP level 18. HP: 91/178 MP: 28/28
 36516 | Swamp:4  | Got a decaying rune of Zot
 37397 | Snake:1  | Entered Level 1 of the Snake Pit
 37552 | Snake:1  | Received a gift from Okawaru
 38147 | Snake:1  | Found Tishouron's Armour Emporium.
 38155 | Snake:1  | Bought a +0 shield of reflection for 170 gold pieces
 38558 | Snake:2  | Noticed Saint Roka
 38655 | Snake:2  | Killed Saint Roka
 39076 | Snake:2  | Noticed Kirke
 39098 | Snake:2  | Killed Kirke
 39098 | Snake:2  | Reached skill level 1 in Dodging
 39638 | Snake:2  | Found a shimmering altar of Xom.
 39783 | Snake:2  | Noticed Vashnia
 39868 | Snake:2  | Reached skill level 21 in Fighting
 39876 | Snake:2  | Killed Vashnia
 41043 | Snake:3  | Found Vetsupn's Magic Scroll Shoppe.
 41310 | Snake:3  | Bought a scroll of blinking for 112 gold pieces
 41310 | Snake:3  | Bought a scroll of blinking for 112 gold pieces
 41310 | Snake:3  | Bought a scroll of blinking for 112 gold pieces
 41514 | Snake:3  | Reached skill level 5 in Dodging
 41830 | Snake:3  | Noticed Aizul
 41845 | Snake:3  | Killed Aizul
 41845 | Snake:3  | Received a gift from Okawaru
 42198 | Snake:3  | Reached XP level 19. HP: 183/189 MP: 29/29
 42443 | Snake:3  | Noticed Asterion
 42496 | Snake:3  | Killed Asterion
 43592 | Snake:4  | Entered Level 4 of the Snake Pit
 45192 | Snake:4  | Received a gift from Okawaru
 45527 | Snake:3  | HP: 1/191 [shock serpent/bolt of electricity (15)]
 46597 | Snake:4  | Reached skill level 22 in Fighting
 46909 | Snake:4  | Got a serpentine rune of Zot
 47414 | Snake:4  | Found a runed translucent door.
 47424 | Snake:4  | Noticed DildoBatman's ghost (adept OpWz)
 47968 | Vaults:1 | Entered Level 1 of the Vaults
 48320 | Vaults:1 | Received a gift from Okawaru
 48330 | Vaults:1 | Identified a +2 pair of boots of running (Okawaru gifted it
                  | to you on level 1 of the Vaults)
 48422 | D:14     | HP: 3/191 [very large slime creature (47)]
 49082 | Vaults:1 | Reached skill level 10 in Dodging
 49744 | Vaults:1 | Reached XP level 20. HP: 100/201 MP: 30/30
 52298 | D:13     | Bought a +5 ring of slaying for 1364 gold pieces
 53265 | Vaults:2 | Received a gift from Okawaru
 53284 | Vaults:2 | Found a staircase to the Crypt.
 53451 | Vaults:2 | Reached skill level 23 in Fighting
 54813 | Vaults:2 | Reached XP level 21. HP: 203/211 MP: 31/31
 55295 | Vaults:3 | Received a gift from Okawaru
 55319 | Vaults:3 | HP: 10/212 [two-headed ogre/+0 giant club (11)]
 57142 | Vaults:4 | Received a gift from Okawaru
 57404 | Vaults:4 | Found Eclem's General Store.
 57414 | Vaults:4 | Bought a potion of invisibility for 104 gold pieces
 57560 | Vaults:4 | Reached skill level 24 in Fighting
 58166 | Vaults:4 | Reached skill level 15 in Dodging
 58214 | Vaults:4 | Reached XP level 22. HP: 208/222 MP: 32/32
 59564 | Vaults:5 | Entered Level 5 of the Vaults
 59573 | Vaults:4 | Received a gift from Okawaru
 59981 | Vaults:5 | Noticed a golden dragon
 60600 | Vaults:4 | Killed a golden dragon
 61328 | Vaults:4 | Reached skill level 25 in Fighting
 61669 | Vaults:4 | Reached XP level 23. HP: 179/234 MP: 33/33
 62088 | Vaults:5 | Paralysed by a sphinx for 6 turns
 62104 | Vaults:4 | Received a gift from Okawaru
 62794 | Vaults:5 | Found Nyptaxul's Jewellery Shoppe.
 63117 | Vaults:5 | Found Etzom's Antique Weapon Shop.
 63194 | Vaults:5 | Noticed a golden dragon
 63210 | Vaults:5 | Killed a golden dragon
 63213 | Vaults:5 | HP: 4/234 [iron dragon (10)]
 64000 | Vaults:5 | Received a gift from Okawaru
 64003 | Vaults:5 | Identified the +0 helmet "Omuolomn" {MR+ Int+4} (Okawaru
                  | gifted it to you on level 5 of the Vaults)
 64075 | Vaults:5 | Found Imequrghi's Jewellery Shoppe.
 64099 | Vaults:5 | Found Nuleob's Magic Scroll Shop.
 64103 | Vaults:5 | Bought a scroll of acquirement for 1040 gold pieces
 64462 | Vaults:5 | Found Myupt's Antique Armour Boutique.
 64536 | Vaults:5 | Got a silver rune of Zot
 64612 | Vaults:5 | Reached XP level 24. HP: 230/245 MP: 33/33
 65094 | Depths:1 | Entered Level 1 of the Depths
 65226 | Depths:1 | Reached skill level 26 in Fighting
 65238 | Depths:1 | Noticed Mara
 65257 | Depths:1 | Noticed nuthulu's illusion
 65297 | Depths:1 | Killed Mara
 65661 | Depths:1 | Found a gateway to Hell.
 65684 | Depths:1 | Received a gift from Okawaru
 66000 | Depths:1 | Found a gateway to a ziggurat.
 66071 | Depths:1 | Found a one-way gate to the infinite horrors of the Abyss.
 66122 | Depths:1 | Found a shimmering altar of Xom.
 66591 | Zig:1    | Entered Level 1 of a ziggurat
 66620 | Zig:2    | Entered Level 2 of a ziggurat
 67046 | Zig:3    | Entered Level 3 of a ziggurat
 67051 | Zig:3    | Found the +7 mace of Variability {chain chaos}
 67383 | Zig:4    | Entered Level 4 of a ziggurat
 67572 | Zig:5    | Entered Level 5 of a ziggurat
 67604 | Zig:5    | Reached skill level 27 in Fighting
 67752 | Zig:6    | Entered Level 6 of a ziggurat
 67758 | Zig:6    | Noticed a caustic shrike
 67758 | Zig:6    | Noticed a caustic shrike
 67779 | Zig:6    | Killed a caustic shrike
 67784 | Zig:6    | Killed a caustic shrike
 68082 | Zig:7    | Entered Level 7 of a ziggurat
 68114 | Zig:7    | HP: 11/249 [shambling mangrove (12)]
 68115 | Zig:7    | HP: 5/249 [seven-headed hydra (3)]
 69064 | Depths:2 | Found Hupune's Book Shop.
 69072 | Depths:2 | Found Kiesk's Food Boutique.
 69080 | Depths:2 | Bought a ration for 70 gold pieces
 69080 | Depths:2 | Bought a ration for 70 gold pieces
 69080 | Depths:2 | Bought a ration for 70 gold pieces
 69080 | Depths:2 | Bought a ration for 70 gold pieces
 69080 | Depths:2 | Bought a ration for 70 gold pieces
 69080 | Depths:2 | Bought a ration for 70 gold pieces
 69080 | Depths:2 | Bought a ration for 70 gold pieces
 69108 | Depths:2 | Received a gift from Okawaru
 69361 | Depths:2 | Received a gift from Okawaru
 69419 | Depths:2 | Noticed a juggernaut
 69425 | Depths:2 | Reached skill level 15 in Polearms
 69928 | Depths:2 | Killed a juggernaut
 70764 | Depths:2 | Reached XP level 25. HP: 242/257 MP: 33/33
 70867 | Depths:2 | Found Waev's Book Shoppe.
 71227 | Depths:2 | Identified the ring "Ehudghuse" {Wiz rF- Str+7 Int+5
                  | Stlth-}
 72927 | Depths:3 | Received a gift from Okawaru
 72939 | Depths:3 | Paralysed by a floating eye for 4 turns
 73125 | Depths:3 | Found a one-way gate leading to the halls of Pandemonium.
 73294 | Depths:4 | Noticed Frederick
 73333 | Depths:3 | Killed Frederick
 73447 | Depths:4 | Identified the +0 pair of gloves "Cijec" {+Fly rPois rF++
                  | rC-} (You acquired it on level 4 of the Depths)
 73481 | Depths:4 | Found a transporter.
 73481 | Depths:4 | Noticed Mennas
 73508 | Depths:4 | Killed Mennas
 73614 | Depths:4 | Found a radiant altar of Vehumet.
 73622 | Depths:4 | Paralysed by a floating eye for 4 turns
 73625 | Depths:4 | Noticed an ancient lich
 73648 | Depths:4 | Killed an ancient lich
 73689 | Depths:4 | Found a transporter.
 73847 | Depths:4 | Identified the +1 cloak of Lifelessness {*Corrode rN+ MR++
                  | Int+2} (You found it on level 4 of the Depths)
 74646 | Depths:4 | Received a gift from Okawaru
 74773 | Depths:4 | Reached XP level 26. HP: 236/266 MP: 33/33
 74818 | Depths:4 | You fall through a shaft!
 74818 | Depths:5 | Entered Level 5 of the Depths
 74820 | Depths:5 | Found Ucroeg's Antique Weapon Emporium.
 74820 | Depths:5 | Found Esesotz's Armour Shoppe.
 75015 | Depths:5 | Found a corrupted altar of Lugonu.
 75513 | Depths:5 | Found a gate to the Realm of Zot.
 75532 | Depths:5 | Received a gift from Okawaru
 76154 | Depths:5 | Found Otomm's Distillery.
 76170 | Depths:5 | Bought a potion of might for 92 gold pieces
 76170 | Depths:5 | Bought a potion of invisibility for 184 gold pieces
 76170 | Depths:5 | Bought a potion of curing for 69 gold pieces
 76846 | Zot:1    | Entered Level 1 of the Realm of Zot
 77150 | Zot:2    | HP: 12/265 [electric golem (21)]
 77152 | Zot:2    | Mangled by an electric golem

Skill      XL: |  1  2  3  4  5  6  7  8  9 10 11 12 13 14 15 16 17 18 19 20 21 22 23 24 25 26 |
---------------+-------------------------------------------------------------------------------+-----
Axes           | 3 5 6 7 |  7.7
Shields        | 4 5 10 12 14 15 | 15.0
Polearms       | 1 5 9 12 16 20 22 | 22.4
Fighting       | 5 10 11 13 15 16 18 20 21 22 23 24 25 27 | 27.0
Invocations    | 5 9 12 14 | 14.2
Armour         | 6 9 11 14 16 17 | 17.0
Dodging        | 6 10 12 15 16 18 | 18.5

Action                   |  1- 3 |  4- 6 |  7- 9 | 10-12 | 13-15 | 16-18 | 19-21 | 22-24 | 25-27 || total
-------------------------+-------+-------+-------+-------+-------+-------+-------+-------+-------++-------
Melee: War axe           |   163 |    79 |       |       |       |       |       |       |       ||   242
       Lance             |       |     7 |   313 |   916 |  2242 |  2208 |  2739 |  1930 |  1115 || 11470
 Fire: Blowgun           |       |     7 |       |       |       |       |       |       |       ||     7
Throw: Throwing net      |       |       |       |     1 |       |       |       |       |       ||     1
Invok: Heroism           |       |       |       |     1 |     8 |     9 |     7 |     8 |     2 ||    35
       Finesse           |       |       |       |       |     9 |     9 |     7 |     8 |     2 ||    35
Evoke: Wand              |       |       |       |     2 |       |       |       |     1 |       ||     3
  Use: Scroll            |     8 |     5 |     6 |    11 |    12 |     8 |     9 |     9 |     9 ||    77
       Potion            |       |     6 |     3 |     2 |     1 |     3 |    15 |    10 |       ||    40
 Stab: Confused          |       |       |       |     2 |       |       |       |     1 |       ||     3
       Petrified         |       |       |       |       |     7 |       |       |       |       ||     7
       Distracted        |       |       |       |       |       |     1 |       |       |       ||     1
  Eat: Chunk             |     3 |     5 |    10 |     7 |    17 |     3 |     5 |     1 |       ||    51
       Ration            |       |       |       |     5 |     9 |    13 |    14 |    12 |     5 ||    58
Armor: Scale mail        |   100 |    18 |       |       |       |       |       |       |       ||   118
       Skin              |       |    11 |       |       |       |       |       |       |       ||    11
       Plate armour      |       |       |   136 |   353 |   916 |   833 |   739 |   147 |       ||  3124
       Gold dragon scale |       |       |       |       |       |       |       |   546 |   343 ||   889
Dodge: Dodged            |    76 |    34 |    83 |   240 |   436 |   335 |   620 |   631 |   309 ||  2764
Block: Shield            |   110 |    41 |   144 |   520 |  1306 |  1380 |  1581 |  1477 |   681 ||  7240
       Reflection        |       |       |       |       |     1 |    81 |   140 |    70 |    30 ||   322
